AoeStats
← Tatie

Nomad

510186266Analyzed
3v3 RM · 1d ago on Sep 29, 2026· 43m 9s· 6 players
Game mode
Random Map
Map size
210×210
Population
200
Speed
Normal
Resources
Standard
Victory
Conquest
Starting age
Dark Age
Ending age
Imperial Age
RankedLock teamsTeams togetherTeam positionsShared explorationLock speedFull tech treeHidden civsTurbo modeCheats
Victory
Defeat
🇫🇷 Celts · France
1174
+19
🇷🇺 Persians · Russia
1172
+20
🇹🇷 Ethiopians · Türkiye
1140
+21
🇲🇽 Danes · Mexico
1300
-22
🇲🇽 Italians · Mexico
1232
-19
🇲🇽 Varangians · Mexico
1217
-19
Вороня
6:35 Loom
13:24 Feudal Age
14:32 Double-Bit Axe
17:45 Forging
19:38 Castle Age
18:28 Bloodlines
19:52 Scale Barding Armor
21:12 Horse Collar
22:32 Husbandry
26:27 Iron Casting
25:44 Fishing Lines
28:33 Wheelbarrow
29:23 Gillnets
32:48 Hand Cart
38:03 Imperial Age
36:13 Fletching
36:23 Padded Archer Armor
37:29 Parthian Tactics
37:28 Bow Saw
37:40 Town Watch
38:14 Heavy Plow
37:43 Heavy Cavalry Archer
37:57 Cavalier
39:41 Conscription
40:37 Bodkin Arrow
41:00 Leather Archer Armor
42:16 Chemistry
43:12 Thumb Ring
Tatie
5:27 Loom
14:23 Feudal Age
14:51 Fishing Lines
15:16 Double-Bit Axe
22:29 Castle Age
20:36 Gold Mining
23:38 Medium Warships
23:59 Scale Barding Armor
23:26 Light Cavalry
28:01 Stone Mining
31:00 Gillnets
32:46 Wheelbarrow
33:38 Husbandry
34:19 Hand Cart
36:21 Stone Shaft Mining
36:21 Gold Shaft Mining
40:35 Imperial Age
38:30 Town Watch
40:41 Elite Woad Raider
41:42 Conscription
41:55 Bow Saw
41:49 Town Patrol
41:53 Scale Mail Armor
42:04 Forging
41:44 Fletching
41:48 Capped Ram
42:55 Chain Mail Armor
a.tarikcam
4:10 Loom
13:35 Feudal Age
16:16 Double-Bit Axe
18:34 Castle Age
16:30 Fletching
17:28 Horse Collar
19:28 Bodkin Arrow
19:47 Crossbowman
24:38 Bow Saw
25:59 Wheelbarrow
27:01 Gold Mining
27:38 Hand Cart
27:45 Thumb Ring
30:13 Gold Shaft Mining
29:31 Stone Mining
30:57 Ballistics
32:32 Heavy Plow
37:28 Imperial Age
36:13 Stone Shaft Mining
38:02 Padded Archer Armor
39:13 Chemistry
38:14 Bracer
38:36 Guilds
37:51 Arbalester
39:56 Fishing Lines
41:03 Conscription
40:48 Town Watch
42:07 Siege Engineers
43:21 Leather Archer Armor
43:15 Torsion Engines
MZTK | GaboxNet .i.
4:37 Loom
14:01 Feudal Age
14:24 Fishing Lines
21:36 Castle Age
22:52 Gillnets
24:37 Double-Bit Axe
25:49 Bow Saw
28:01 Fletching
29:07 Bodkin Arrow
33:59 Forging
34:03 Bloodlines
34:38 Wheelbarrow
34:46 Gold Mining
36:15 Squires
39:37 Imperial Age
37:09 Padded Archer Armor
36:55 Light Cavalry
38:26 Husbandry
40:23 Hussar
42:01 Scale Barding Armor
42:55 Hand Cart
MZTK l ROD
4:39 Loom
14:27 Feudal Age
15:03 Double-Bit Axe
16:02 Fletching
16:43 Town Watch
22:33 Castle Age
23:32 Fishing Lines
24:05 Medium Warships
24:55 Wheelbarrow
24:37 Bodkin Arrow
24:28 Fishing Lines
25:59 Gold Mining
26:00 Stone Mining
31:59 Scale Mail Armor
33:16 Gold Shaft Mining
35:31 Forging
36:20 Chain Mail Armor
38:42 Iron Casting
_MZTK_SIRO_
16:35 Feudal Age
14:54 Loom
22:35 Castle Age
21:13 Scale Mail Armor
21:24 Forging
26:39 Double-Bit Axe
34:31 Stone Mining
Connection lost

Rejoining the realm…

Still unreachable

The connection could not be restored.

Session expired

The server has moved on; the page needs a fresh start.